 Dungeon Crawl Stone Soup version 0.30-a0-782-ge64f9170bb (webtiles) character file.

Game seed: 16037640212394685916

679 IndexError the Skirmisher (level 7, -2/40 HPs)
             Began as a Gargoyle Hunter on Feb 25, 2023.
             Slain by an iguana (9 damage)
             ... on level 4 of the Dungeon on Feb 27, 2023.
             The game lasted 00:09:59 (3423 turns).

IndexError the Skirmisher (Gargoyle Hunter)         Turns: 3423, Time: 00:09:59

Health: -2/40      AC: 17    Str: 21    XL:     7   Next: 60%
Magic:  0/7        EV:  8    Int:  9    God:
Gold:   263        SH:  0    Dex: 15    Spells: 6/6 levels left

rFire   . . .      SeeInvis .    a - +0 shortbow
rCold   . . .      Faith    .    (shield currently unavailable)
rNeg    + . .      Spirit   +    j - +3 chain mail
rPois   ∞          Reflect  .    F - +0 helmet
rElec   +          Harm     .    (no cloak)
rCorr   .          Rampage  .    (no gloves)
Will    .....                    L - +0 pair of boots Stlth
                                 l - amulet of guardian spirit {Spirit}
HPRegen 0.26/turn                x - +6 ring of strength
MPRegen 0.10/turn                (no ring)

@: no status effects
A: sickness immunity, AC +4, negative energy resistance 1, electricity
resistance, torment resistance 1, petrification resistance
a: no special abilities


You were on level 4 of the Dungeon.
You visited 1 branch of the dungeon, and saw 4 of its levels.

You collected 263 gold pieces.

Inventory:

Hand Weapons
 a - a +0 shortbow (weapon)
 b - a +4 dagger of venom
   (You took it off Jessica on level 3 of the Dungeon)
Armour
 c - a +0 leather armour
 d - a +0 leather armour
   (You found it on level 1 of the Dungeon)
 h - a +0 ring mail
   (You found it on level 1 of the Dungeon)
 i - a +0 robe
   (You found it on level 1 of the Dungeon)
 j - a +3 chain mail (worn)
   (You found it on level 1 of the Dungeon)
 n - a +0 ring mail
   (You found it on level 1 of the Dungeon)
 p - a +0 leather armour
   (You found it on level 2 of the Dungeon)
 s - a +0 robe
   (You found it on level 2 of the Dungeon)
 u - a +0 scale mail
   (You found it on level 2 of the Dungeon)
 w - a +0 leather armour
   (You found it on level 2 of the Dungeon)
 y - a +0 ring mail
   (You found it on level 2 of the Dungeon)
 B - a +0 leather armour
   (You found it on level 2 of the Dungeon)
 E - a +0 robe
   (You took it off an orc wizard on level 3 of the Dungeon)
 F - a +0 helmet (worn)
   (You found it on level 3 of the Dungeon)
 G - a +0 robe
   (You took it off Jessica on level 3 of the Dungeon)
 I - a +0 robe
   (You took it off Sigmund on level 3 of the Dungeon)
 K - a +0 leather armour
   (You found it on level 4 of the Dungeon)
 L - a +0 pair of boots (worn)
   (You found it on level 4 of the Dungeon)
Jewellery
 l - an amulet of guardian spirit (around neck) {Spirit}
   (You found it on level 1 of the Dungeon)
 x - a +6 ring of strength (left hand)
   (You found it on level 2 of the Dungeon)
Wands
 v - a wand of flame (20)
   (You found it on level 2 of the Dungeon)
Scrolls
 e - a scroll of teleportation {unknown}
 f - a scroll of fog {unknown}
 o - a scroll of noise {unknown}
 q - a scroll of poison {unknown}
 r - 2 scrolls of fear {unknown}
 t - 2 scrolls of magic mapping {unknown}
 C - 5 scrolls of identify {unknown}
 H - 3 scrolls of immolation {!r}
Potions
 g - 2 potions of curing {unknown}
 k - a potion of might {unknown}
 m - 2 potions of attraction {unknown}
 z - 2 potions of flight {unknown}
 A - a potion of lignification {unknown}
 D - 3 potions of heal wounds
 J - a potion of brilliance {unknown}


   Skills:
 - Level 2.1 Fighting
 + Level 9.1 Ranged Weapons
 - Level 1.5 Dodging
 - Level 1.1 Stealth


You had 6 spell levels left.
You didn't know any spells.
Your spell library contained the following spells:

 Spells                   Type           Power      Damage    Failure   Level
 Magic Dart               Conj           0%         1d3       99%         1
 Summon Small Mammal      Summ           0%         N/A       99%         1
 Call Imp                 Summ           0%         N/A       100%        2
 Call Canine Familiar     Summ           0%         N/A       100%        3
 Mephitic Cloud           Conj/Pois/Air  0%         N/A       100%        3
 Summon Guardian Golem    Hex/Summ       0%         N/A       100%        3


Dungeon Overview and Level Annotations

Branches:
Dungeon (4/15)
 Temple: D:4-7

Altars:

Annotations:
D:3 3 runed translucent doors, TryHard88's ghost, amateur FoFi; pener's ghost, amateur MiFi


Innate Abilities, Weirdness & Mutations

You are immune to sickness and miasma.
Your stone body is resilient. (AC +4)
You are immune to poison.
You resist negative energy. (rN+)
You are resistant to electric shocks. (rElec)
You are resistant to unholy torment.
You are immune to petrification.


Message History

You finish putting on your +0 pair of boots.
You open the door.
There is an open door here.
Found a stone staircase leading down.
You now have 263 gold pieces (gained 18).
An orc comes into view. It is wielding a staff of death.
You shoot an arrow. The arrow barely misses the orc.
The orc shouts!
You hear a shout! x2
You shoot an arrow. The arrow hits the orc!
No target in view!
No target in view!
An orc wizard and 2 orcs come into view.
The orc shouts!
The orc wizard shouts!
The orc shouts!
The orc moves out of view.
Spoiler Alert: The orc wizard might cast Slow, Confuse, Throw Flame, Throw Frost, or go Invisible!
You shoot an arrow.
The arrow hits the orc wizard but does no damage.
Spoiler Alert: The orc wizard might cast Slow, Confuse, Throw Flame, Throw Frost, or go Invisible!
You shoot an arrow. The arrow hits the orc wizard!
The orc wizard points at you and mumbles some strange words.
You are confused.
Spoiler Alert: The orc wizard might cast Slow, Confuse, Throw Flame, Throw Frost, or go Invisible!
You are too confused!
Spoiler Alert: The orc wizard might cast Slow, Confuse, Throw Flame, Throw Frost, or go Invisible!
You are too confused!
Spoiler Alert: The orc wizard might cast Slow, Confuse, Throw Flame, Throw Frost, or go Invisible!
You are too confused!
Spoiler Alert: The orc wizard might cast Slow, Confuse, Throw Flame, Throw Frost, or go Invisible!
You are too confused!
Spoiler Alert: The orc wizard might cast Slow, Confuse, Throw Flame, Throw Frost, or go Invisible!
You are too confused!
Spoiler Alert: The orc wizard might cast Slow, Confuse, Throw Flame, Throw Frost, or go Invisible!
The orc wizard hits you but does no damage.
Spoiler Alert: The orc wizard might cast Slow, Confuse, Throw Flame, Throw Frost, or go Invisible!
The orc wizard closely misses you.
Spoiler Alert: The orc wizard might cast Slow, Confuse, Throw Flame, Throw Frost, or go Invisible!
The orc wizard hits you but does no damage.
An iguana comes into view.
Spoiler Alert: The orc wizard might cast Slow, Confuse, Throw Flame, Throw Frost, or go Invisible!
The orc wizard mumbles some strange words.
The orc wizard flickers and vanishes!
Deactivating autopickup; reactivate with Ctrl-A.
Something hits you but does no damage. Something hits you but does no damage.
You feel less confused. Something hits you.
You take 2 damage, and have 38/40 hp.
You shoot an arrow. The arrow barely misses the orc.
Something hits you but does no damage.
You shoot an arrow. The arrow hits the orc.
The orc hits you but does no damage.
You shoot an arrow. The arrow barely misses the orc.
The orc hits you with a +0 short sword.
You take 1 damage, and have 38/40 hp.
You shoot an arrow. The arrow hits the orc.
The iguana bites you.
You take 2 damage, and have 36/40 hp.
You now have 6/7 mp.
You shoot an arrow. The arrow barely misses the iguana.
The iguana bites you but does no damage.
You shoot an arrow. The arrow barely misses the iguana.
The iguana bites you! The iguana barely misses you.
You take 6 damage, and have 31/40 hp.
You now have 5/7 mp.
You shoot an arrow. The arrow hits the iguana.
The iguana bites you.
You take 4 damage, and have 27/40 hp.
You shoot an arrow. The arrow hits the iguana.
The iguana closely misses you. The iguana barely misses you.
You shoot an arrow. The arrow hits the iguana.
The iguana barely misses you.
You shoot an arrow.
The arrow hits the iguana but does no damage.
The iguana barely misses you.
You shoot an arrow. The arrow barely misses the iguana.
The iguana bites you! The iguana bites you.
You take 8 damage, and have 20/40 hp.
You now have 3/7 mp.
You are too injured to fight recklessly!
You are too injured to fight recklessly!
You are too injured to fight recklessly!
Fire: a) +0 shortbow
Press: ? - help, Q - select action Shift-Dir - straight line, f/p - iguana
Aim: an iguana (moderately wounded, 68% to hit)
You shoot an arrow. The arrow completely misses the iguana.
The iguana bites you but does no damage.
Fire: a) +0 shortbow
Press: ? - help, Q - select action Shift-Dir - straight line, f/p - iguana
Aim: an iguana (moderately wounded, 68% to hit)
You shoot an arrow. The arrow hits the iguana.
The iguana barely misses you. x2
Fire: a) +0 shortbow
Press: ? - help, Q - select action Shift-Dir - straight line, f/p - iguana
Aim: an iguana (heavily wounded, 68% to hit)
You shoot an arrow.
The arrow hits the iguana but does no damage.
The iguana bites you!
You take 6 damage, and have 15/40 hp.
You now have 2/7 mp.
Fire: a) +0 shortbow
Press: ? - help, Q - select action Shift-Dir - straight line, f/p - iguana
Aim: an iguana (heavily wounded, 68% to hit)
You shoot an arrow. The arrow hits the iguana.
The iguana bites you!
* * * LOW HITPOINT WARNING * * *
The iguana bites you!
You die...

## #.# ####.# #....# ##
## #....# .... ###.##
.#. # #.#### ##...#.##
#.....#...###.. |....#.
..#....#....#.###l......
..##...#.....#..@##
..#.###.#....#....##
.#.#...###...#.....#
.#.#....#.###.#....#
.#.#.....#...###...##
#...#....#....#.###.#
...##...#..>..#...##
#...#.###.#....#....##
.#.#.#...###...#.....#


You could see an iguana.

Vanquished Creatures
  Grinder (D:3)
  Sigmund (D:3)
  A water moccasin (D:3)
  A hound (D:4)
  Jessica (D:3)
  An orc wizard (D:3)
  7 adders
  4 dart slugs
  2 worms
  7 orcs
  5 ball pythons
  5 endoplasms
  A giant cockroach (D:4)
  6 hobgoblins
  10 kobolds
  A quokka (D:2)
  9 bats
  2 frilled lizards (D:2)
  9 goblins
  7 rats
81 creatures vanquished.

Vanquished Creatures (others)
  11 plants (D:3)
  4 withered plants (D:3)
15 creatures vanquished.

Grand Total: 96 creatures vanquished

Notes
Turn   | Place    | Note
-------+----------+-------------------------------------------
     0 | D:1      | IndexError the Gargoyle Hunter began the quest for the Orb.
     0 | D:1      | Reached XP level 1. HP: 12/12 MP: 1/1
   105 | D:1      | Reached XP level 2. HP: 17/17 MP: 2/2
   517 | D:1      | Reached XP level 3. HP: 21/21 MP: 3/3
   565 | D:1      | Reached skill level 5 in Ranged Weapons
  1156 | D:2      | Reached XP level 4. HP: 18/26 MP: 2/4
  1297 | D:2      | Found a faded altar of an unknown god.
  1408 | D:2      | You fall into a shaft and drop 1 floor!
  1586 | D:3      | Noticed Jessica
  1593 | D:3      | Killed Jessica
  1594 | D:3      | Reached skill level 6 in Ranged Weapons
  1594 | D:3      | Reached XP level 5. HP: 13/30 MP: 2/5
  1692 | D:3      | Noticed Grinder
  1718 | D:3      | Paralysed by Grinder for 5 turns
  1725 | D:3      | Killed Grinder
  1726 | D:3      | Reached skill level 7 in Ranged Weapons
  1726 | D:3      | Reached XP level 6. HP: 35/35 MP: 6/6
  2117 | D:3      | Noticed Sigmund
  2175 | D:3      | Killed Sigmund
  2176 | D:3      | Reached skill level 8 in Ranged Weapons
  2176 | D:3      | Reached XP level 7. HP: 24/40 MP: 2/7
  2429 | D:3      | Found a runed translucent gate.
  2429 | D:3      | Found a runed translucent gate.
  2430 | D:3      | Found a runed translucent gate.
  2438 | D:3      | Noticed pener's ghost (amateur MiFi)
  2438 | D:3      | Noticed TryHard88's ghost (amateur FoFi)
  3106 | D:4      | Reached skill level 9 in Ranged Weapons
  3423 | D:4      | HP: 7/40 [iguana (8)]
  3423 | D:4      | Slain by an iguana

Illustrated notes

Levels and vault maps discovered:
D:1:      nicolae_arrival_washed_ashore, layout_loops_ring, minmay_bisected
D:2:      layout_loops_cross, ebering_ecumenical_altar_sacrificial
D:3:      minmay_inner_zag, layout_loops_ring, gammafunk_ghost_cemetery,
          serial_forest, infiniplex_forest_clump_curved,
          infiniplex_forest_end_double, infiniplex_forest_straight_2,
          infiniplex_forest_corner_1, infiniplex_forest_lined_3_way,
          infiniplex_forest_3_way, infiniplex_forest_end_1,
          infiniplex_forest_clump_small, infiniplex_forest_fountain,
          uniq_sigmund, uniq_jessica, uniq_grinder
D:4:      nicolae_BIG_FREAKIN_CUBE, layout_loops_corners, serial_shops, shop,
          skrybe_limestone_x, uniq_ijyb, uniq_menkaure

Skill      XL: |  1  2  3  4  5  6  7 |
---------------+----------------------+-----
Ranged Weapons | 5 6 7 8 9 |  9.1
Fighting       | |  2.1
Dodging        | |  1.5
Stealth        | |  1.1

Action                     |  1- 3 |  4- 6 |  7- 9 || total
---------------------------+-------+-------+-------++-------
   Fire: Shortbow          |    79 |   122 |   109 ||   310
  Evoke: Wand              |       |     4 |       ||     4
 Armour: Leather armour    |     5 |    19 |       ||    24
         Chain mail        |       |    34 |    61 ||    95
  Dodge: Dodged            |    10 |    38 |    37 ||    85

Table legend: (Time is in decaauts)
 A = Elapsed time spent in this place.
 B = Non-inter-level travel time spent in this place.
 C = Inter-level travel time spent in this place.
 D = Time resting spent in this place.
 E = Time spent auto-exploring this place.
 F = Levels seen in this place.
 G = Mean time per level.
                   A        B        C        D        E       F      G
               +--------+--------+--------+--------+--------+-----+--------+
         Total |   3545 |   3210 |    335 |      0 |   2510 |   4 |  886.2 |
       Dungeon |   3545 |   3210 |    335 |      0 |   2510 |   4 |  886.2 |
               +--------+--------+--------+--------+--------+-----+--------+

Top non-repeatable levels by time:
     D:3: 1489 daAuts
     D:1: 796 daAuts
     D:2: 756 daAuts
     D:4: 503 daAuts

Table legend:
 A = Kills in this place as a percentage of kills in entire the game.
 B = Kills by you in this place as a percentage of kills by you in the entire game.
 C = Kills by friends in this place as a percentage of kills by friends in the entire game.
 D = Other kills in this place as a percentage of other kills in the entire game.
 E = Experience gained in this place as a percentage of experience gained in the entire game.
 F = Experience gained in this place divided by the number of levels of this place that you have seen.
                   A       B       C       D       E      F
               +-------+-------+-------+-------+-------+----------------------
         Total | 100.0 | 100.0 |   N/A |   N/A | 100.0 | 242.8
       Dungeon | 100.0 | 100.0 |   N/A |   N/A | 100.0 | 242.8
               +-------+-------+-------+-------+-------+----------------------
